| TOP OF THE 1ST |
|
Delmarva Shorebirds batting - Pitching for Hickory Crawdads : LHP Cooper Bate
|
|
Pitching: LHP Cooper Bate
|
|
|
Batting: RHB Josh Hopp
|
0-0: Ball 1-0: Swinging Strike 1-1: Foul Ball, location: 2F 1-2: Fly out, F8 (Flyball, 8LD, EV 81.9 MPH)
|
|
Batting: LHB Sam Williams
|
0-0: Ball 1-0: Ball 2-0: Fly out, F8 (Flyball, 8LXD, EV 88.1 MPH)
|
|
Batting: SHB Carlos Carrillo
|
0-0: Ball 1-0: Ball 2-0: Called Strike 2-1: Called Strike 2-2: Ball 3-2: Foul Ball, location: 2F 3-2: Base on Balls
|
|
Batting: RHB Minoru Matsumoto
|
0-0: Foul Ball, location: 2F 0-1: Fielders Choice at 2nd, 5-4 (Groundball, 56, EV 106.9 MPH)
|
| Top of the 1st over - 0 runs, 0 hits, 0 errors, 1 left on base; Delmarva 0 - Hickory 0 |
| BOTTOM OF THE 1ST |
|
Hickory Crawdads batting - Pitching for Delmarva Shorebirds : RHP Matt Talaski
|
|
Pitching: RHP Matt Talaski
|
|
|
Batting: RHB Danny Murillo
|
0-0: Called Strike 0-1: Ground out 6-3 (Groundball, 6M, EV 109.4 MPH)
|
|
Batting: SHB Todd Hewitt
|
0-0: Foul Ball, location: 2F 0-1: Fly out, F7 (Flyball, 7D, EV 98.8 MPH)
|
|
Batting: LHB Alfonso Collazo
|
0-0: Called Strike 0-1: Ball 1-1: Ball 2-1: Swinging Strike 2-2: Foul Ball, location: 2F 2-2: SINGLE (Groundball, 34D, EV 103.1 MPH)
|
|
Batting: RHB Mike Thornton
|
0-0: Fielders Choice at 2nd, 6-4 (Groundball, 56, EV 83.8 MPH)
|
| Bottom of the 1st over - 0 runs, 1 hit, 0 errors, 1 left on base; Delmarva 0 - Hickory 0 |
| TOP OF THE 2ND |
|
Delmarva Shorebirds batting - Pitching for Hickory Crawdads : LHP Cooper Bate
|
|
Batting: RHB Matthew Neal
|
0-0: Called Strike 0-1: Ball 1-1: Called Strike 1-2: Strikes out swinging
|
|
Batting: RHB Carlos Teniente
|
0-0: Ball 1-0: Called Strike 1-1: Fly out, F3 (Popup, 3SF, EV 83.1 MPH)
|
|
Batting: LHB Vinny Rivera
|
0-0: Ball 1-0: SINGLE (Groundball, 6D, EV 101.9 MPH)
|
|
Batting: RHB Ruben Domingues
|
0-0: Called Strike 0-1: Called Strike 0-2: Ball Vinny Rivera steals 2nd base 1-2: Ground out 6-3 (Groundball, 6, EV 80.0 MPH)
|
| Top of the 2nd over - 0 runs, 1 hit, 0 errors, 1 left on base; Delmarva 0 - Hickory 0 |
| BOTTOM OF THE 2ND |
|
Hickory Crawdads batting - Pitching for Delmarva Shorebirds : RHP Matt Talaski
|
|
Batting: RHB Danny Weisse
|
0-0: Foul Ball, location: 2F 0-1: Ball 1-1: Ball 2-1: Ground out 4-3 (Groundball, 4, EV 80.0 MPH)
|
|
Batting: RHB Bill Turnbull
|
0-0: Ball 1-0: Ground out 5-3 (Groundball, 56, EV 105.0 MPH)
|
|
Batting: RHB Shoh Tanioka
|
0-0: Called Strike 0-1: Called Strike 0-2: Foul Ball, location: 2F 0-2: Ball 1-2: Strikes out looking
|
| Bottom of the 2nd over - 0 runs, 0 hits, 0 errors, 0 left on base; Delmarva 0 - Hickory 0 |
| TOP OF THE 3RD |
|
Delmarva Shorebirds batting - Pitching for Hickory Crawdads : LHP Cooper Bate
|
|
Batting: RHB Juan Eyrich
|
0-0: SINGLE (Line Drive, 89S, EV 95.6 MPH)
|
|
Batting: RHB Josh Hopp
|
0-0: Foul Ball, location: 2F 0-1: Foul Ball, location: 2F 0-2: Ball 1-2: Foul Ball, location: 2F 1-2: Ground out 4-3 (Groundball, 34D, EV 110.0 MPH) Juan Eyrich to second
|
|
Batting: LHB Sam Williams
|
0-0: Ball 1-0: Ball 2-0: Foul Ball, location: 2F 2-1: Called Strike 2-2: Ball 3-2: Strikes out swinging
|
|
Batting: SHB Carlos Carrillo
|
0-0: Ball 1-0: Ground out 5-3 (Groundball, 56S, EV 66.9 MPH)
|
| Top of the 3rd over - 0 runs, 1 hit, 0 errors, 1 left on base; Delmarva 0 - Hickory 0 |
| BOTTOM OF THE 3RD |
|
Hickory Crawdads batting - Pitching for Delmarva Shorebirds : RHP Matt Talaski
|
|
Batting: RHB Zach Thomason
|
0-0: Called Strike 0-1: Ball 1-1: Called Strike 1-2: Strikes out swinging
|
|
Batting: RHB Eduardo Chavez
|
0-0: Ground out 6-3 (Groundball, 6, EV 76.2 MPH)
|
|
Batting: RHB Danny Murillo
|
0-0: Foul Ball, location: 2F 0-1: Foul Ball, location: 2F 0-2: Strikes out swinging
|
| Bottom of the 3rd over - 0 runs, 0 hits, 0 errors, 0 left on base; Delmarva 0 - Hickory 0 |
| TOP OF THE 4TH |
|
Delmarva Shorebirds batting - Pitching for Hickory Crawdads : LHP Cooper Bate
|
|
Batting: RHB Minoru Matsumoto
|
0-0: Called Strike 0-1: Ball 1-1: Ground out 5-3 (Groundball, 56S, EV 66.9 MPH)
|
|
Batting: RHB Matthew Neal
|
0-0: Swinging Strike 0-1: Called Strike 0-2: SINGLE (Groundball, 4MD, EV 105.6 MPH)
|
|
Batting: RHB Carlos Teniente
|
0-0: Ball 1-0: Ball 2-0: Called Strike 2-1: Called Strike 2-2: DOUBLE (Line Drive, 9LM, EV 111.2 MPH) Matthew Neal to third
|
|
Batting: LHB Vinny Rivera
|
0-0: Foul Ball, location: 2F 0-1: Ball 1-1: Ball 2-1: Ball 3-1: Foul Ball, location: 2F 3-2: Strikes out swinging
|
|
Batting: RHB Ruben Domingues
|
0-0: Ball 1-0: Ball 2-0: Foul Ball, location: 2F 2-1: Swinging Strike 2-2: Ball 3-2: Foul Ball, location: 2F 3-2: Base on Balls
|
|
Batting: RHB Juan Eyrich
|
0-0: Called Strike 0-1: Ball 1-1: Ball Wild Pitch! Matthew Neal scores Carlos Teniente to third Ruben Domingues to second 2-1: Called Strike 2-2: Strikes out swinging
|
| Top of the 4th over - 1 run, 2 hits, 0 errors, 2 left on base; Delmarva 1 - Hickory 0 |
| BOTTOM OF THE 4TH |
|
Hickory Crawdads batting - Pitching for Delmarva Shorebirds : RHP Matt Talaski
|
|
Batting: SHB Todd Hewitt
|
0-0: Ball 1-0: Ball 2-0: Foul Ball, location: 2F 2-1: Ground out 4-3 (Groundball, 4, EV 83.8 MPH)
|
|
Batting: LHB Alfonso Collazo
|
0-0: Ball 1-0: Fly out, F7 (Flyball, 7D, EV 80.0 MPH)
|
|
Batting: RHB Mike Thornton
|
0-0: Ball 1-0: SOLO HOME RUN (Line Drive, 7D, EV 105.0 MPH), Distance : 412 ft
|
|
Batting: RHB Danny Weisse
|
0-0: Swinging Strike 0-1: DOUBLE (Line Drive, 89XD, EV 96.9 MPH)
|
|
Batting: RHB Bill Turnbull
|
0-0: Called Strike 0-1: Ball 1-1: Foul Ball, location: 2F 1-2: Foul Ball, location: 2F 1-2: SINGLE (Line Drive, 4MD, EV 97.5 MPH) Danny Weisse to third Runner from 3rd tries for Home, SAFE, throw by CF to home
|
|
Batting: RHB Shoh Tanioka
|
0-0: Ball 1-0: Ball 2-0: Reached on error, E5 (Groundball, 56, EV 79.4 MPH) Bill Turnbull to second
|
|
Batting: RHB Zach Thomason
|
0-0: Ground out 4-3 (Groundball, 4, EV 88.1 MPH)
|
| Bottom of the 4th over - 2 runs, 3 hits, 1 error, 2 left on base; Delmarva 1 - Hickory 2 |
| TOP OF THE 5TH |
|
Delmarva Shorebirds batting - Pitching for Hickory Crawdads : LHP Cooper Bate
|
|
Batting: RHB Josh Hopp
|
0-0: Foul Ball, location: 2F 0-1: Foul Ball, location: 2F 0-2: Strikes out looking
|
|
Batting: LHB Sam Williams
|
0-0: Ball 1-0: Foul Ball, location: 2F 1-1: Ball 2-1: Foul Ball, location: 2F 2-2: Strikes out swinging
|
|
Batting: SHB Carlos Carrillo
|
0-0: Ground out 6-3 (Groundball, 6M, EV 86.2 MPH)
|
| Top of the 5th over - 0 runs, 0 hits, 0 errors, 0 left on base; Delmarva 1 - Hickory 2 |
| BOTTOM OF THE 5TH |
|
Hickory Crawdads batting - Pitching for Delmarva Shorebirds : RHP Matt Talaski
|
|
Batting: RHB Eduardo Chavez
|
0-0: Fly out, F9 (Flyball, 89XD, EV 91.9 MPH)
|
|
Batting: RHB Danny Murillo
|
0-0: Ball 1-0: Called Strike 1-1: Ball 2-1: Fly out, F3 (Popup, 34, EV 58.8 MPH)
|
|
Batting: SHB Todd Hewitt
|
0-0: Called Strike 0-1: Swinging Strike 0-2: Ground out 4-3 (Groundball, 4S, EV 63.8 MPH)
|
| Bottom of the 5th over - 0 runs, 0 hits, 0 errors, 0 left on base; Delmarva 1 - Hickory 2 |
| TOP OF THE 6TH |
|
Delmarva Shorebirds batting - Pitching for Hickory Crawdads : LHP Cooper Bate
|
|
Batting: RHB Minoru Matsumoto
|
0-0: Ground out 5-3 (Groundball, 5, EV 78.8 MPH)
|
|
Batting: RHB Matthew Neal
|
0-0: Ball 1-0: Swinging Strike 1-1: Swinging Strike 1-2: Foul Ball, location: 2F 1-2: Ball 2-2: Foul Ball, location: 2F 2-2: Foul Ball, location: 2F 2-2: Strikes out swinging
|
|
Batting: RHB Carlos Teniente
|
0-0: Ball 1-0: Swinging Strike 1-1: Fly out, F9 (Flyball, 89D, EV 95.0 MPH)
|
| Top of the 6th over - 0 runs, 0 hits, 0 errors, 0 left on base; Delmarva 1 - Hickory 2 |
| BOTTOM OF THE 6TH |
|
Hickory Crawdads batting - Pitching for Delmarva Shorebirds : RHP Matt Talaski
|
|
Batting: LHB Alfonso Collazo
|
0-0: Foul Ball, location: 2F 0-1: Ball 1-1: SINGLE (Line Drive, 7S, EV 86.2 MPH)
|
|
Batting: RHB Mike Thornton
|
0-0: Swinging Strike 0-1: Ball 1-1: Foul Ball, location: 2F 1-2: Ball 2-2: Strikes out swinging
|
|
Batting: RHB Danny Weisse
|
0-0: Ball 1-0: Fly out, F8 (Flyball, 8RD, EV 106.9 MPH)
|
|
Batting: RHB Bill Turnbull
|
0-0: Ball 1-0: Foul Ball, location: 2F 1-1: Called Strike 1-2: Strikes out swinging
|
| Bottom of the 6th over - 0 runs, 1 hit, 0 errors, 1 left on base; Delmarva 1 - Hickory 2 |
| TOP OF THE 7TH |
|
Delmarva Shorebirds batting - Pitching for Hickory Crawdads : LHP Cooper Bate
|
|
Now at 1B: Aaron Graham
|
|
|
Now in LF: Roberto Rodriguez
|
|
|
Batting: LHB Vinny Rivera
|
0-0: Foul Ball, location: 2F 0-1: Ball 1-1: Ball 2-1: Swinging Strike 2-2: Strikes out swinging
|
|
Batting: RHB Ruben Domingues
|
0-0: SOLO HOME RUN (Flyball, 9D, EV 98.8 MPH), Distance : 385 ft
|
|
Batting: RHB Juan Eyrich
|
0-0: Fly out, F8 (Flyball, 8RM, EV 88.1 MPH)
|
|
Batting: RHB Josh Hopp
|
0-0: Foul Ball, location: 2F 0-1: Called Strike 0-2: Foul Ball, location: 2F 0-2: Ball 1-2: Strikes out looking
|
| Top of the 7th over - 1 run, 1 hit, 0 errors, 0 left on base; Delmarva 2 - Hickory 2 |
| BOTTOM OF THE 7TH |
|
Hickory Crawdads batting - Pitching for Delmarva Shorebirds : RHP Matt Talaski
|
|
Batting: RHB Shoh Tanioka
|
0-0: Fly out, F9 (Line Drive, 9S, EV 98.8 MPH)
|
|
Batting: RHB Zach Thomason
|
0-0: Called Strike 0-1: Ball 1-1: Ground out U3 (Groundball, 34, EV 86.9 MPH)
|
|
Batting: RHB Eduardo Chavez
|
0-0: Foul Ball, location: 2F 0-1: Ball 1-1: Foul Ball, location: 2F 1-2: Ball 2-2: Strikes out swinging
|
| Bottom of the 7th over - 0 runs, 0 hits, 0 errors, 0 left on base; Delmarva 2 - Hickory 2 |
| TOP OF THE 8TH |
|
Delmarva Shorebirds batting - Pitching for Hickory Crawdads : LHP Cooper Bate
|
|
Batting: LHB Sam Williams
|
0-0: Foul Ball, location: 2F 0-1: Ball 1-1: Swinging Strike 1-2: Ball 2-2: Foul Ball, location: 2F 2-2: Foul Ball, location: 2F 2-2: Ball 3-2: Strikes out swinging
|
|
Pitching: RHP Jason Williams
|
|
|
Batting: SHB Carlos Carrillo
|
0-0: Swinging Strike 0-1: Swinging Strike 0-2: Strikes out swinging
|
|
Batting: RHB Minoru Matsumoto
|
0-0: Ball 1-0: Foul Ball, location: 2F 1-1: Called Strike 1-2: Foul Ball, location: 2F 1-2: Ground out 6-3 (Groundball, 6, EV 83.1 MPH)
|
| Top of the 8th over - 0 runs, 0 hits, 0 errors, 0 left on base; Delmarva 2 - Hickory 2 |
| BOTTOM OF THE 8TH |
|
Hickory Crawdads batting - Pitching for Delmarva Shorebirds : RHP Matt Talaski
|
|
Batting: RHB Danny Murillo
|
0-0: Foul Ball, location: 2F 0-1: Foul Ball, location: 2F 0-2: Ground out 3-1 (Groundball, 34S, EV 88.1 MPH)
|
|
Batting: SHB Todd Hewitt
|
0-0: DOUBLE (Line Drive, 78D, EV 113.1 MPH)
|
|
Batting: RHB Roberto Rodriguez
|
0-0: Ball Todd Hewitt is caught stealing 3rd base 2-5 1-0: Called Strike 1-1: Foul Ball, location: 2F 1-2: Foul Ball, location: 2F 1-2: Fly out, F8 (Flyball, 8RM, EV 88.8 MPH)
|
| Bottom of the 8th over - 0 runs, 1 hit, 0 errors, 0 left on base; Delmarva 2 - Hickory 2 |
| TOP OF THE 9TH |
|
Delmarva Shorebirds batting - Pitching for Hickory Crawdads : RHP Jason Williams
|
|
Batting: RHB Matthew Neal
|
0-0: Called Strike 0-1: Ball 1-1: Ball 2-1: DOUBLE (Line Drive, 3D, EV 100.0 MPH)
|
|
Batting: RHB Carlos Teniente
|
0-0: Ground out 6-3 (Groundball, 6, EV 87.5 MPH)
|
|
Batting: LHB Vinny Rivera
|
0-0: Intentional Walk
|
|
Pinch Hitting: LHB Xue-liang Zhou
|
0-0: Called Strike 0-1: Ball 1-1: Ball 2-1: Grounds into double play, 1-6-3 (Groundball, 34S, EV 63.8 MPH)
|
| Top of the 9th over - 0 runs, 1 hit, 0 errors, 1 left on base; Delmarva 2 - Hickory 2 |
| BOTTOM OF THE 9TH |
|
Hickory Crawdads batting - Pitching for Delmarva Shorebirds : RHP Matt Talaski
|
|
Pitching: RHP Harley Hyde
|
|
|
Now in LF: Antonio Gutierrez
|
|
|
Batting: RHB Mike Thornton
|
0-0: Ball 1-0: Called Strike 1-1: Foul Ball, location: 2F 1-2: Foul Ball, location: 2F 1-2: Strikes out swinging
|
|
Pinch Hitting: LHB Matt Sigurdson
|
0-0: Ball 1-0: Foul Ball, location: 2F 1-1: Ball 2-1: Ball 3-1: Base on Balls
|
|
Batting: RHB Aaron Graham
|
0-0: Swinging Strike 0-1: Foul Ball, location: 2F 0-2: Ball 1-2: Ball 2-2: Ball 3-2: Ground out 4-3 (Groundball, 34S, EV 85.6 MPH) Matt Sigurdson to second
|
|
Pinch Hitting: LHB Matt Purke Jr.
|
0-0: Ball 1-0: Swinging Strike 1-1: Called Strike 1-2: Foul Ball, location: 2F 1-2: Ball 2-2: Ball 3-2: Base on Balls
|
|
Batting: RHB Zach Thomason
|
0-0: Called Strike 0-1: Ball 1-1: Ball 2-1: Ground out U3 (Groundball, 3L, EV 86.9 MPH)
|
| Bottom of the 9th over - 0 runs, 0 hits, 0 errors, 2 left on base; Delmarva 2 - Hickory 2 |
| TOP OF THE 10TH |
|
Delmarva Shorebirds batting - Pitching for Hickory Crawdads : RHP Jason Williams
|
|
Pitching: RHP Victor Benitez
|
|
|
Now at 3B: Eduardo Chavez
|
|
|
Now at SS: Darnell Jones
|
|
|
Now in CF: Cesar Martinez
|
|
|
Batting: RHB Juan Eyrich
|
0-0: Ball 1-0: Fly out, F4 (Line Drive, 4, EV 71.9 MPH)
|
|
Batting: RHB Josh Hopp
|
0-0: Ball 1-0: SINGLE (Groundball, 6S, EV 70.6 MPH) (infield hit)
|
|
Batting: LHB Sam Williams
|
0-0: Called Strike Josh Hopp steals 2nd base 0-1: Ball 1-1: Foul Ball, location: 2F 1-2: Foul Ball, location: 2F 1-2: Fly out, F9 (Flyball, 9D, EV 99.4 MPH) Runner from 2nd tags up, SAFE at 3rd, no throw by RF
|
|
Batting: SHB Carlos Carrillo
|
0-0: Intentional Walk
|
|
Batting: RHB Minoru Matsumoto
|
0-0: Swinging Strike 0-1: Ball 1-1: Ball 2-1: Foul Ball, location: 2F 2-2: Ball 3-2: Foul Ball, location: 2F 3-2: Strikes out swinging
|
| Top of the 10th over - 0 runs, 1 hit, 0 errors, 2 left on base; Delmarva 2 - Hickory 2 |
| BOTTOM OF THE 10TH |
|
Hickory Crawdads batting - Pitching for Delmarva Shorebirds : RHP Harley Hyde
|
|
Batting: RHB Eduardo Chavez
|
0-0: Ball 1-0: SOLO HOME RUN (Flyball, 7LD, EV 94.4 MPH), Distance : 360 ft
|
| Bottom of the 10th over - 1 run, 1 hit, 0 errors, 0 left on base; Delmarva 2 - Hickory 3 |
|